 Dungeon Crawl Stone Soup version 0.30-a0-860-g512cf1e979 (webtiles) character file.

Game seed: 1816854626890924892

16340 Engwar the Covert (level 12, -1/97 HPs)
             Began as a Gnoll Delver on Feb 22, 2023.
             Was a Priest of Ashenzari.
             Slain by a death yak (10 damage)
             ... on level 2 of the Lair of Beasts on Mar 8, 2023.
             The game lasted 00:43:15 (12716 turns).

Engwar the Covert (Gnoll Delver)                   Turns: 12716, Time: 00:43:15

Health: -1/97      AC: 19    Str: 11    XL:     12   Next: 36%
Magic:  10/23      EV: 14    Int: 15    God:    Ashenzari [***...]
Gold:   823        SH:  0    Dex: 14    Spells: 4/26 levels left

rFire   . . .      SeeInvis +    b - +3 morningstar (freeze)
rCold   . . .      Faith    .    (no shield)
rNeg    . . .      Spirit   .    G - +0 ring mail
rPois   +          Reflect  .    L - +1 hat of Ashenzari's Regret {Stlth+, Evo, Bglg} (curse)
rElec   .          Rampage  .    J - +2 cloak "Lashed Seeker" {Melee, Elem} (curse)
rCorr   .          Clarity  +    C - +0 pair of gloves
Will    .....                    t - +2 pair of boots "Discomfort of Ashenzari" {Range, Bglg} (curse)
Stlth   +++++                    (no amulet)
HPRegen 0.36/turn                a - ring "Elysian Jealousy" {rPois, Elem, Comp} (curse)
MPRegen 0.18/turn                m - ring "Share My Insecurity" {AC+4, Evo, Comp} (curse)

@: studying Staves
A: fangs 1, strong nose, distributed training
a: Renounce Religion, Shatter the Chains


You were on level 2 of the Lair of Beasts.
You worshipped Ashenzari.
Ashenzari was most pleased with you.
You visited 2 branches of the dungeon, and saw 12 of its levels.

You collected 823 gold pieces.

Inventory:

Hand Weapons
 b - a +3 morningstar of freezing (weapon)
 k - a +0 short sword of venom
 q - a +2 vampiric dagger
 F - the +6 quick blade "Beetlebane" {freeze, Fly rF- Int+8}
   (You acquired it on level 7 of the Dungeon)

   Int:       It affects your intelligence (+8).
   rF:        It makes you vulnerable to fire.
   Fly:       It grants you flight.
Missiles
 K - 6 javelins (quivered)
Armour
 t - the cursed +2 pair of boots "Discomfort of Ashenzari" (worn) {Range, Bglg}
   (You found it on level 1 of the Dungeon)

   It has a curse which improves the following skills: Ranged Combat: Ranged
   Weapons and Throwing.
   Beguiling: Conjurations, Hexes and Translocations.
 C - a +0 pair of gloves (worn)
 G - a +0 ring mail (worn)
 J - the cursed +2 cloak "Lashed Seeker" (worn) {Melee, Elem}
   (You found it on level 8 of the Dungeon)

   It has a curse which improves the following skills: Melee Combat: Short
   Blades, Long Blades, Axes, Maces & Flails, Polearms, Staves and Unarmed
   Combat.
   Elements:  Fire Magic, Ice Magic, Air Magic and Earth Magic.
 L - the cursed +1 hat of Ashenzari's Regret (worn) {Stlth+, Evo, Bglg}
   (You took it off Gastronok on level 10 of the Dungeon)

   It has a curse which improves the following skills: Evocations: Evocations.
   Beguiling: Conjurations, Hexes and Translocations.
Jewellery
 a - the cursed ring "Elysian Jealousy" (left hand) {rPois, Elem, Comp}
   (You found it on level 1 of the Dungeon)

   [ring of poison resistance]

   rPois:     It protects you from poison.
   It has a curse which improves the following skills: Elements: Fire Magic, Ice
   Magic, Air Magic and Earth Magic.
   Companions: Summonings and Necromancy.
 m - the cursed ring "Share My Insecurity" (right hand) {AC+4, Evo, Comp}
   (You took it off an orc on level 5 of the Dungeon)

   [ring of protection]

   AC:        It affects your AC (+4).
   It has a curse which improves the following skills: Evocations: Evocations.
   Companions: Summonings and Necromancy.
 H - a +5 ring of evasion
Wands
 g - a wand of digging (3)
 i - a wand of light (14)
 j - a wand of polymorph (7)
 v - a wand of roots (4)
 y - a wand of charming (8)
Scrolls
 c - 2 scrolls of fog
 d - 4 scrolls of magic mapping
 e - 4 scrolls of fear
 o - 2 scrolls of blinking
 p - a scroll of poison
 z - 6 scrolls of teleportation
 D - 3 scrolls of amnesia
Potions
 f - 5 potions of haste
 h - 2 potions of attraction
 l - a potion of cancellation
 n - 5 potions of brilliance
 r - a potion of curing
 s - a potion of berserk rage
 u - 3 potions of flight
 w - 2 potions of mutation
 x - a potion of ambrosia
 A - 2 potions of magic
 E - 2 potions of lignification
 I - 2 potions of might


   Skills:
 + Level 10.0 Fighting
 + Level 8.9(10.5) Short Blades
 + Level 7.5(9.1) Long Blades
 + Level 7.5(9.1) Axes
 + Level 7.5(9.1) Maces & Flails
 + Level 7.5(9.1) Polearms
 + Level 10.5(12.1) Staves
 + Level 7.5(9.1) Ranged Weapons
 + Level 7.5(9.1) Throwing
 + Level 7.5 Armour
 + Level 8.9 Dodging
 + Level 12.1 Stealth
 + Level 7.5 Shields
 + Level 7.5(9.1) Unarmed Combat
 + Level 7.5 Spellcasting
 + Level 6.2(8.7) Conjurations
 + Level 6.2(8.7) Hexes
 + Level 6.2(8.7) Summonings
 + Level 6.2(8.7) Necromancy
 + Level 6.2(8.7) Translocations
 + Level 6.2 Transmutations
 + Level 6.2(8.7) Fire Magic
 + Level 6.2(8.7) Ice Magic
 + Level 6.2(8.7) Air Magic
 + Level 6.2(8.7) Earth Magic
 + Level 6.2 Poison Magic
 + Level 8.2 Invocations
 + Level 7.5(10.0) Evocations


You had 4 spell levels left.
You knew the following spells:

 Your Spells              Type           Power      Damage    Failure   Level
a - Beastly Appendage     Tmut           48%        N/A       1%          1
b - Blink                 Tloc           62%        N/A       1%          2
c - Wereblood             Tmut           24%        N/A       3%          2
d - Dispel Undead         Necr           31%        3d14      8%          4
e - Summon Ice Beast      Ice/Summ       31%        N/A       8%          4
f - Swiftness             Air            31%        N/A       2%          3
g - Passwall              Tmut/Erth      23%        N/A       1%          2
h - Airstrike             Air            15%        2d(3-19)  8%          4

Your spell library contained the following spells:

 Spells                   Type           Power      Damage    Failure   Level
 Kiss of Death            Conj/Necr      100%       2d13      1%          1
 Shock                    Conj/Air       100%       1d9       1%          1
 Ensorcelled Hibernation  Hex/Ice        62%        N/A       1%          2
 Lesser Beckoning         Tloc           62%        N/A       1%          2
 Momentum Strike          Conj/Tloc      62%        3d9       1%          2
 Scorch                   Fire           62%        2d8       1%          2
 Confusing Touch          Hex            31%        N/A       2%          3
 Frozen Ramparts          Ice            62%        1d10      2%          3
 Spider Form              Tmut/Pois      24%        N/A       6%          3
 Flame Wave               Conj/Fire      31%        2d9       8%          4
 Manifold Assault         Tloc           31%        N/A       8%          4
 Ice Form                 Ice/Tmut       28%        N/A       12%         4
 Summon Cactus Giant      Summ           15%        N/A       75%         6
 Storm Form               Tmut/Air       14%        N/A       100%        7


Dungeon Overview and Level Annotations

Branches:
Dungeon (10/15)            Temple (0/1) D:6            Lair (2/5) D:9
  Swamp: Lair:2-3    Shoals: Lair:2-3     Snake: Lair:2-3    Spider: Lair:2-3
    Orc: D:9-12

Altars:
Ashenzari
Cheibriados
Elyvilon
Fedhas
Hepliaklqana
Makhleb
Nemelex Xobeh
Qazlal
Ru
Zin
The Shining One
Lugonu

Shops:
D:5 (   D:10 *

Annotations:
D:8 2 transporters
D:10 Erolcha, Fannar


Innate Abilities, Weirdness & Mutations

You have very sharp teeth.
Your uncanny sense of smell can sniff out nearby items.
Your experience applies equally to all skills.


Message History

You puncture the death yak! You freeze the death yak.
The death yak is almost dead.
Your ice beast hits the death yak but does no damage.
The death yak misses you.
The death yak gores you but does no damage.
You barely miss the death yak.
The death yak is almost dead.
Your ice beast hits the death yak but does no damage.
The death yak gores you. The death yak barely misses you.
You hit the death yak. You freeze the death yak.
The death yak is almost dead.
Your ice beast hits the death yak.
Your ice beast freezes the death yak!
The death yak gores you!! The death yak gores you.
Casting: Summon Ice Beast (dangerous; 8% risk of failure)
Confirm with . or Enter, or press ? or * to list all spells.
Aiming: Passwall (safe; 1% risk of failure)
Press: ? - help, Dir - move target A rock wall.
This rock feels extremely deep.
Your ice beast hits the death yak but does no damage.
The death yak gores you. x2
* * * LOW HITPOINT WARNING * * *
Casting: Passwall (safe; 1% risk of failure)
Confirm with . or Enter, or press ? or * to list all spells.
Aiming: Passwall (safe; 1% risk of failure)
Press: ? - help, Dir - move target A rock wall.
Your ice beast hits the death yak but does no damage.
The death yak closely misses you.
The death yak gores you but does no damage.
You begin to meditate on the wall.
You continue meditating on the rock.
Your ice beast hits the death yak but does no damage.
The death yak closely misses you.
The death yak gores you but does no damage.
You continue meditating on the rock.
Your ice beast hits the death yak.
Your ice beast freezes the death yak!
The death yak gores you!!
* * * LOW HITPOINT WARNING * * *
The death yak gores you!
You die...

##...####...# ,, * *
* ...# #....#P....#,
*#... ##.......# , #,
#..# ##......#* , ..
#..# ##.....# *
,##.,######..#
##....###
....#........
###....# *,
#............
#....####*
.#..#.....YY.
#P....#@#
*#..##...Y#.
##....YY### ##
*##.Y#.# ##P.Y.YY.#
#.Y.## ##.....####
####..###
###.#..#.####.P...###
##....{..Y...P....)
##.....†.†÷.......
##...............
#.####P#.####...


You could see 3 death yaks, a yak and a friendly ice beast (summoned).

Vanquished Creatures
  Gastronok (D:10)
  2 two-headed ogres (D:9)
  3 death yaks (Lair:2)
  A cyclops (D:8)
  4 elephants (Lair:2)
  3 cane toads
  A komodo dragon (Lair:2)
  An unseen horror (D:10)
  Prince Ribbit (D:5)
  A shadow (D:10)
  2 wyverns
  13 yaks
  A basilisk (Lair:2)
  4 steam dragons
  2 wargs (D:9)
  6 water moccasins
  3 orc warriors
  An ice beast (D:7)
  2 black bears
  8 wolves
  6 centaurs
  4 kobold brigands
  8 bullfrogs
  A scorpion (D:6)
  3 wights (D:8)
  10 killer bees
  7 howler monkeys
  3 hounds
  A jelly (D:8)
  8 orc priests
  An iguana (D:7)
  10 orc wizards
  2 gnolls
  4 adders
  5 white imps
  4 dart slugs
  26 orcs
  6 ball pythons
  6 endoplasms
  A giant cockroach (D:4)
  7 goblins
  9 hobgoblins
  32 kobolds
  2 quokkas (D:1)
  9 bats
  4 frilled lizards
  3 rats
242 creatures vanquished.

Vanquished Creatures (collateral kills)
  A death yak (Lair:2)
  3 yaks (Lair:1)
  A water moccasin (Lair:2)
  A wolf (Lair:2)
6 creatures vanquished.

Vanquished Creatures (others)
  A bush (Lair:2)
  10 fungi
  7 plants
18 creatures vanquished.

Grand Total: 266 creatures vanquished

Notes
Turn   | Place    | Note
-------+----------+-------------------------------------------
     0 | D:5      | Reached skill level 9 in Stealth
     0 | D:5      | Engwar the Gnoll Delver began the quest for the Orb.
     0 | D:5      | Reached XP level 1. HP: 23/23 MP: 1/1
    18 | D:5      | Noticed a hound
    24 | D:5      | Killed a hound
    25 | D:5      | Reached XP level 2. HP: 29/29 MP: 1/3
    25 | D:5      | Reached XP level 3. HP: 35/35 MP: 1/4
   211 | D:3      | Found a broken altar of Ashenzari.
   226 | D:3      | Reached skill level 1 in Invocations
   230 | D:3      | Became a worshipper of Ashenzari the Shackled
   329 | D:3      | Found a faded altar of an unknown god.
   545 | D:2      | Reached skill level 1 in Long Blades
   545 | D:2      | Reached skill level 1 in Axes
   545 | D:2      | Reached skill level 1 in Maces & Flails
   545 | D:2      | Reached skill level 1 in Polearms
   545 | D:2      | Reached skill level 1 in Staves
   545 | D:2      | Reached skill level 1 in Ranged Weapons
   545 | D:2      | Reached skill level 1 in Throwing
   545 | D:2      | Reached skill level 1 in Armour
   545 | D:2      | Reached skill level 1 in Shields
   545 | D:2      | Reached skill level 1 in Unarmed Combat
   545 | D:2      | Reached skill level 1 in Spellcasting
   545 | D:2      | Reached skill level 1 in Evocations
   692 | D:2      | Reached XP level 4. HP: 16/41 MP: 5/5
   831 | D:2      | Reached skill level 1 in Conjurations
   831 | D:2      | Reached skill level 1 in Hexes
   831 | D:2      | Reached skill level 1 in Summonings
   831 | D:2      | Reached skill level 1 in Necromancy
   831 | D:2      | Reached skill level 1 in Translocations
   831 | D:2      | Reached skill level 1 in Transmutations
   831 | D:2      | Reached skill level 1 in Fire Magic
   831 | D:2      | Reached skill level 1 in Ice Magic
   831 | D:2      | Reached skill level 1 in Air Magic
   831 | D:2      | Reached skill level 1 in Earth Magic
   831 | D:2      | Reached skill level 1 in Poison Magic
  1148 | D:1      | Learned a level 1 spell: Beastly Appendage
  1549 | D:1      | Reached XP level 5. HP: 47/47 MP: 7/7
  2153 | D:3      | Found a sacrificial altar of Ru.
  2377 | D:3      | Found a snail-covered altar of Cheibriados.
  2675 | D:4      | Learned a level 2 spell: Blink
  2978 | D:4      | Found a glowing golden altar of the Shining One.
  3023 | D:4      | Reached XP level 6. HP: 47/53 MP: 8/8
  3285 | D:5      | Reached skill level 5 in Short Blades
  3285 | D:5      | Reached skill level 5 in Dodging
  3375 | D:5      | Found Vasoed's Antique Weapon Boutique.
  3531 | D:5      | Noticed a black bear
  3545 | D:5      | Killed a black bear
  3546 | D:5      | Reached XP level 7. HP: 45/60 MP: 10/10
  3787 | D:5      | Noticed Prince Ribbit
  3802 | D:5      | Killed Prince Ribbit
  3803 | D:5      | Reached skill level 10 in Stealth
  4118 | D:6      | Found a staircase to the Ecumenical Temple.
  4579 | D:6      | Found a blossoming altar of Fedhas.
  4600 | D:6      | Reached XP level 8. HP: 54/67 MP: 12/12
  5016 | D:7      | Found a glowing silver altar of Zin.
  5614 | D:7      | Reached skill level 5 in Staves
  5654 | D:7      | Reached * piety under Ashenzari
  5654 | D:7      | Identified a scroll of acquirement
  5655 | D:7      | Acquired the +6 quick blade "Beetlebane" {freeze, Fly rF-
                  | Int+8}
  5744 | D:7      | Reached XP level 9. HP: 72/73 MP: 12/14
  5762 | D:7      | Learned a level 2 spell: Wereblood
  5773 | D:7      | Identified the cursed +2 pair of boots "Discomfort of
                  | Ashenzari" {Range, Bglg} (You found it on level 1 of the
                  | Dungeon)
  6039 | D:7      | Found a hazy altar of Hepliaklqana.
  6193 | D:8      | Noticed a cyclops
  6732 | D:8      | Found a stormy altar of Qazlal.
  6860 | D:8      | Noticed a green ugly thing
  6861 | D:8      | Found a transporter.
  6861 | D:8      | Noticed a cyan ugly thing
  6862 | D:8      | Noticed a green ugly thing
  6863 | D:8      | Found a corrupted altar of Lugonu.
  7190 | D:8      | Reached skill level 5 in Invocations
  7268 | D:8      | Found a transporter.
  7337 | D:8      | Killed a cyclops
  8024 | D:9      | Noticed a two-headed ogre
  8039 | D:9      | Killed a two-headed ogre
  8040 | D:9      | Reached skill level 5 in Long Blades
  8040 | D:9      | Reached skill level 5 in Axes
  8040 | D:9      | Reached skill level 5 in Maces & Flails
  8040 | D:9      | Reached skill level 5 in Polearms
  8040 | D:9      | Reached skill level 5 in Ranged Weapons
  8040 | D:9      | Reached skill level 5 in Throwing
  8040 | D:9      | Reached skill level 5 in Armour
  8040 | D:9      | Reached skill level 5 in Shields
  8040 | D:9      | Reached skill level 5 in Unarmed Combat
  8040 | D:9      | Reached skill level 5 in Spellcasting
  8040 | D:9      | Reached skill level 5 in Evocations
  8040 | D:9      | Reached XP level 10. HP: 40/82 MP: 14/17
  8251 | D:9      | Found a staircase to the Lair.
  8270 | D:9      | Reached skill level 11 in Stealth
  8525 | D:9      | Noticed a two-headed ogre
  8638 | D:9      | Killed a two-headed ogre
  8905 | D:9      | Found a burning altar of Makhleb.
  8913 | D:9      | Found a sparkling altar of Nemelex Xobeh.
  9206 | D:9      | Reached ** piety under Ashenzari
  9455 | D:10     | Entered Level 10 of the Dungeon
  9476 | D:10     | Noticed Gastronok
  9480 | D:10     | Found Geogaca's Changing Room.
  9504 | D:10     | Killed Gastronok
  9505 | D:10     | Reached skill level 5 in Conjurations
  9505 | D:10     | Reached skill level 5 in Hexes
  9505 | D:10     | Reached skill level 5 in Summonings
  9505 | D:10     | Reached skill level 5 in Necromancy
  9505 | D:10     | Reached skill level 5 in Translocations
  9505 | D:10     | Reached skill level 5 in Transmutations
  9505 | D:10     | Reached skill level 5 in Fire Magic
  9505 | D:10     | Reached skill level 5 in Ice Magic
  9505 | D:10     | Reached skill level 5 in Air Magic
  9505 | D:10     | Reached skill level 5 in Earth Magic
  9505 | D:10     | Reached skill level 5 in Poison Magic
  9505 | D:10     | Reached XP level 11. HP: 70/89 MP: 18/20
  9918 | D:10     | Noticed Fannar
  9938 | D:10     | Found a white marble altar of Elyvilon.
  9966 | D:10     | Noticed Erolcha
 10069 | Lair:1   | Entered Level 1 of the Lair of Beasts
 10260 | Lair:1   | Learned a level 4 spell: Dispel Undead
 10265 | Lair:1   | Learned a level 4 spell: Summon Ice Beast
 10911 | Lair:1   | Learned a level 3 spell: Swiftness
 11368 | Lair:2   | Noticed a death yak
 11369 | Lair:2   | Noticed a death yak
 11369 | Lair:2   | Noticed a death yak
 11369 | Lair:2   | Noticed a death yak
 11370 | Lair:2   | Noticed a death yak
 11370 | Lair:2   | Noticed a death yak
 11396 | Lair:2   | Killed a death yak
 11402 | Lair:2   | HP: 3/89 [water moccasin (3)]
 11653 | Lair:2   | Upgraded the game from 0.30-a0-782-ge64f9170bb to
                  | 0.30-a0-860-g512cf1e979
 11742 | Lair:2   | Learned a level 2 spell: Passwall
 11896 | Lair:2   | Reached skill level 10 in Staves
 11901 | Lair:2   | Reached XP level 12. HP: 43/97 MP: 22/22
 12108 | Lair:2   | Reached *** piety under Ashenzari
 12272 | Lair:2   | Noticed a death yak
 12273 | Lair:2   | Noticed a death yak
 12273 | Lair:2   | Noticed a death yak
 12274 | Lair:2   | Noticed a death yak
 12314 | Lair:2   | Killed a death yak
 12315 | Lair:2   | Reached skill level 12 in Stealth
 12572 | Lair:2   | Learned a level 4 spell: Airstrike
 12607 | Lair:2   | Killed a death yak
 12667 | Lair:2   | Killed a death yak
 12668 | Lair:2   | Reached skill level 10 in Fighting
 12673 | Lair:2   | Noticed a death yak
 12698 | Lair:2   | Noticed a death yak
 12716 | Lair:2   | Slain by a death yak

Illustrated notes

Levels and vault maps discovered:
D:1:      eino_arrival_water_cross, layout_loops_cross
D:2:      minmay_angry_zag, layout_basic, minmay_randomly_rotated_circles
D:3:      layout_rooms, mainiacjoe_overflow_boulevard, evilmike_ruin_ashenzari,
          overflow_temple_1_default, hellmonk_ecumenical_altar_leap_of_faith,
          minmay_liquid_box
D:4:      layout_basic, kennysheep_mini, minmay_manual_mess
D:5:      layout_cave_pools, serial_shops, nicolae_shop_statue_plus,
          uniq_prince_ribbit1
D:6:      layout_rooms, fedhas_ov_isle_minmay, minmay_temple_entry_trees,
          serial_rivers, chequers_serial_rivers_marsh,
          chequers_serial_rivers_large_b, chequers_serial_rivers_room_b,
          chequers_serial_rivers_marsh, chequers_serial_rivers_large_a,
          chequers_serial_rivers_small_b
D:7:      layout_loops_ring, general_overflow_altar, nzn_hepliaklqana_mist_gate
D:8:      gammafunk_corrupted_shrine, layout_basic,
          nicolae_qazlal_general_emergency, dreamdust_wishing_well
D:9:      layout_basic, mainiacjoe_overflow_big_doors, erik_lair_orcish_takeover
D:10:     gammafunk_boulding_lane, layout_gridville, elyvilon_altar_3,
          nicolae_transmutations_shop, ebering_dispersal_statue_hall,
          kennysheep_small_spiral, uniq_gastronok, uniq_fannar, uniq_erolcha
Lair:1:   layout_misc_corridors, serial_bayou_shore_a, grunt_megastairs_2
Lair:2:   layout_concentric_octagons, minivault_11, grunt_megastairs_1

Skill      XL: |  1  2  3  4  5  6  7  8  9 10 11 12 |
---------------+-------------------------------------+-----
Stealth        | 10 11 12 | 12.1
Invocations    | 1 2 3 4 5 6 7 8 |  8.2
Long Blades    | 1 2 3 5 6 7 |  7.5
Axes           | 1 2 3 5 6 7 |  7.5
Maces & Flails | 1 2 3 5 6 7 |  7.5
Polearms       | 1 2 3 5 6 7 |  7.5
Staves         | 1 2 3 4 5 7 8 10 | 10.5
Ranged Weapons | 1 2 3 5 6 7 |  7.5
Throwing       | 1 2 3 5 6 7 |  7.5
Armour         | 1 2 3 5 6 7 |  7.5
Shields        | 1 2 3 5 6 7 |  7.5
Unarmed Combat | 1 2 3 5 6 7 |  7.5
Spellcasting   | 1 2 3 5 6 7 |  7.5
Evocations     | 1 2 3 5 6 7 |  7.5
Conjurations   | 1 2 3 4 5 6 |  6.2
Hexes          | 1 2 3 4 5 6 |  6.2
Summonings     | 1 2 3 4 5 6 |  6.2
Necromancy     | 1 2 3 4 5 6 |  6.2
Translocations | 1 2 3 4 5 6 |  6.2
Transmutations | 1 2 3 4 5 6 |  6.2
Fire Magic     | 1 2 3 4 5 6 |  6.2
Ice Magic      | 1 2 3 4 5 6 |  6.2
Air Magic      | 1 2 3 4 5 6 |  6.2
Earth Magic    | 1 2 3 4 5 6 |  6.2
Poison Magic   | 1 2 3 4 5 6 |  6.2
Short Blades   | 5 6 7 8 |  8.9
Dodging        | 5 6 7 8 |  8.9
Fighting       | 7 8 9 10 | 10.0

Action                     |  1- 3 |  4- 6 |  7- 9 | 10-12 || total
---------------------------+-------+-------+-------+-------++-------
  Melee: Short sword       |    57 |   223 |   127 |       ||   407
         Bite              |     7 |    27 |    44 |    91 ||   169
         Punch             |       |     4 |    12 |    40 ||    56
         Quick blade       |       |       |   210 |   406 ||   616
         Kick              |       |       |    20 |    45 ||    65
         Headbutt          |       |       |    12 |    26 ||    38
         Morningstar       |       |       |     5 |   153 ||   158
   Cast: Beastly Appendage |       |       |     4 |     4 ||     8
         Wereblood         |       |       |     2 |     4 ||     6
         Summon Ice Beast  |       |       |       |    11 ||    11
         Airstrike         |       |       |       |     3 ||     3
         Passwall          |       |       |       |     2 ||     2
 Invoke: Curse Item        |       |     1 |     1 |     3 ||     5
    Use: Scroll            |       |    11 |     6 |     3 ||    20
         Potion            |       |       |     1 |     1 ||     2
   Stab: Sleeping          |     5 |    20 |     6 |     8 ||    39
         Distracted        |       |     1 |       |     2 ||     3
 Armour: Leather armour    |    20 |    58 |    12 |       ||    90
         Ring mail         |       |       |   103 |   177 ||   280
  Dodge: Dodged            |    50 |   120 |   126 |   238 ||   534

Table legend: (Time is in decaauts)
 A = Elapsed time spent in this place.
 B = Non-inter-level travel time spent in this place.
 C = Inter-level travel time spent in this place.
 D = Time resting spent in this place.
 E = Time spent auto-exploring this place.
 F = Levels seen in this place.
 G = Mean time per level.
                   A        B        C        D        E       F      G
               +--------+--------+--------+--------+--------+-----+--------+
         Total |  12311 |  11754 |    557 |   1619 |   7635 |  12 | 1025.9 |
       Dungeon |   9797 |   9241 |    556 |    796 |   6524 |  10 |  979.7 |
          Lair |   2513 |   2513 |      0 |    823 |   1111 |   2 | 1256.5 |
               +--------+--------+--------+--------+--------+-----+--------+

Top non-repeatable levels by time:
     D:8: 1812 daAuts
  Lair:2: 1730 daAuts
     D:9: 1402 daAuts
     D:7: 1129 daAuts
     D:6: 1039 daAuts
     D:2: 1039 daAuts
  Lair:1: 783 daAuts
     D:4: 772 daAuts
     D:5: 717 daAuts
     D:1: 708 daAuts
     D:3: 625 daAuts
    D:10: 550 daAuts
